 Dungeon Crawl Stone Soup version 0.28.0-53-g5a82cb258f (webtiles) character file.

Game seed: 12984044297082383070

12060 Zeld the Thaumaturge (level 11, 0/64 HPs)
             Began as a Gargoyle Conjurer on June 1, 2022.
             Was an Initiate of Gozag.
             Slain by a boulder beetle (12 damage)
             ... on level 11 of the Dungeon.
             The game lasted 00:26:20 (17876 turns).

Zeld the Thaumaturge (Gargoyle Conjurer)           Turns: 17876, Time: 00:26:21

Health: 0/64       AC: 20    Str: 11    XL:     11   Next: 87%
Magic:  21/36      EV: 12    Int: 26    God:    Gozag
Gold:   589        SH:  5    Dex: 10    Spells: 8/34 levels left

rFire   + . .      SeeInvis .   a - +8 war axe "Ameury" {vorpal, rF+ Int+3 Dex+2 Stlth+}
rCold   . . .      Faith    .   (no shield)
rNeg    + . .      Spirit   .   t - +0 robe
rPois   ∞          Reflect  +   I - +1 helmet
rElec   +          Harm     .   z - +2 cloak
rCorr   .          Rampage  .   n - +0 pair of gloves
Will    .....                   r - +2 pair of boots
Stlth   +++.......              D - amulet of reflection
HPRegen 0.20/turn               l - ring of magical power
MPRegen 0.25/turn               (no ring)

@: about to teleport
A: sickness immunity, AC +8, negative energy resistance 1, electricity
resistance, torment resistance 1, petrification resistance
a: Renounce Religion, Potion Petition, Call Merchant, Bribe Branch


You were on level 11 of the Dungeon.
You worshipped Gozag.
Gozag was pleased with you.
You visited 2 branches of the dungeon, and saw 14 of its levels.
You also visited: Ossuary.

You collected 1622 gold pieces.
You spent 362 gold pieces at shops.
You paid 671 gold pieces to Gozag.

Inventory:

Hand Weapons
 a - the +8 war axe "Ameury" (weapon) {vorpal, rF+ Int+3 Dex+2 Stlth+}
   (You took it off an orc on level 7 of the Dungeon)

   It inflicts extra damage upon your enemies.
   Int:       It affects your intelligence (+3).
   Dex:       It affects your dexterity (+2).
   rF:        It protects you from fire.
   Stlth:     It makes you more stealthy.
 b - a +0 hand crossbow
Missiles
 h - 67 bolts
Armour
 n - a +0 pair of gloves (worn)
 r - a +2 pair of boots (worn)
 t - a +0 robe (worn)
 z - a +2 cloak (worn)
 I - a +1 helmet (worn)
 J - a +0 pair of boots
Jewellery
 l - a ring of magical power (left hand)
 D - an amulet of reflection (around neck)
Wands
 o - a wand of acid (12)
 p - a wand of polymorph (27)
 u - a wand of flame (5)
Scrolls
 e - 7 scrolls of identify
 g - 4 scrolls of enchant armour
 x - a scroll of teleportation
 y - 3 scrolls of enchant weapon
 K - 2 scrolls of amnesia
 M - 2 scrolls of holy word
Potions
 d - 2 potions of lignification {unknown}
 f - 5 potions of flight
 i - 2 potions of brilliance {unknown}
 j - 4 potions of degeneration {unknown}
 k - 5 potions of heal wounds {unknown}
 m - a potion of cancellation {unknown}
 q - 2 potions of mutation {unknown}
 s - 4 potions of curing
 w - 2 potions of haste {unknown}
 B - a potion of attraction {unknown}
 E - 2 potions of magic {unknown}
 F - a potion of resistance {unknown}
 G - a potion of berserk rage {unknown}
 L - 3 potions of ambrosia {unknown}


   Skills:
 * Level 5.5 Fighting
 + Level 3.2 Crossbows
 * Level 5.2 Armour
 - Level 4.0 Dodging
 - Level 4.0 Stealth
 - Level 12.0 Spellcasting
 - Level 8.0 Conjurations
 - Level 2.0 Hexes
 - Level 2.0 Translocations
 - Level 2.0 Transmutations
 - Level 2.0 Fire Magic
 - Level 2.0 Air Magic
 - Level 2.0 Earth Magic
 - Level 2.0 Poison Magic
 + Level 3.0 Evocations


You had 8 spell levels left.
You knew the following spells:

 Your Spells              Type           Power      Damage    Failure   Level
a - Magic Dart            Conj           100%       1d8       1%          1
b - Searing Ray           Conj           100%       2d8       1%          2
c - Fulminant Prism       Conj/Hex       20%        3d13      4%          4
d - Iskenderun's Mystic   Conj/Tloc      41%        2d9       4%          4
q - Mephitic Cloud        Conj/Pois/Air  36%        N/A       2%          3
w - Ignite Poison         Fire/Tmut/Pois 26%        N/A       4%          3
x - Manifold Assault      Tloc           26%        N/A       41%         5
y - Passwall              Tmut/Erth      21%        N/A       2%          2
z - Blink                 Tloc           52%        N/A       2%          2

Your spell library contained the following spells:

 Spells                   Type           Power      Damage    Failure   Level
 Dazzling Flash           Conj/Hex       82%        N/A       1%          3
 Ensorcelled Hibernation  Hex/Ice        40%        N/A       3%          2
 Swiftness                Air            26%        N/A       4%          3
 Freezing Cloud           Conj/Ice/Air   16%        6-21      26%         5
 Dispersal                Tloc           13%        N/A       94%         6
 Malign Gateway           Summ/Tloc      10%        N/A       100%        7
 Storm Form               Tmut/Air       13%        N/A       100%        7
 Disjunction              Tloc           13%        N/A       100%        8
 Summon Horrible Things   Summ           7%         N/A       100%        8


Dungeon Overview and Level Annotations

Branches:
Dungeon (13/15)            Temple (1/1) D:7             Orc (0/2) D:11
 Vaults (0/5) D:13        Ossuary (visited)
   Lair: D:8-11

Altars:
Ashenzari
Cheibriados
Dithmenos
Elyvilon
Fedhas
Gozag
Hepliaklqana
Kikubaaqudgha
Makhleb
Nemelex Xobeh
Okawaru
Qazlal
Ru
Sif Muna
Trog
Uskayaw
Vehumet
Wu Jian
Xom
Yredelemnul
Zin
The Shining One

Shops:
D:10 :

Annotations:
D:11 Josephine
D:12 Fannar
D:13 Nessos


Innate Abilities, Weirdness & Mutations

You are immune to sickness and miasma.
Your stone body is resilient. (AC +8)
You are immune to poison.
You resist negative energy. (rN+)
You are resistant to electric shocks. (rElec)
You are resistant to unholy torment.
You are immune to petrification.


Message History

You start resting.
A boulder beetle is nearby!
A boulder beetle is nearby!
A boulder beetle is nearby!
A boulder beetle is nearby!
The boulder beetle curls into a ball and begins rolling!
Found 22 arrows and 10 gold pieces.
The boulder beetle hits you!
* * * LOW HITPOINT WARNING * * *
The boulder beetle stops rolling and uncurls.
Okay, then.
Casting: Iskenderun's Mystic Blast (dangerous; 4% risk of failure)
Confirm with . or Enter, or press ? or * to list all spells.
You erupt in a blast of force!
The mystic blast hits the boulder beetle but does no damage.
The boulder beetle bites you but does no damage.
Casting: Iskenderun's Mystic Blast (dangerous; 4% risk of failure)
Confirm with . or Enter, or press ? or * to list all spells.
You erupt in a blast of force!
The mystic blast hits the boulder beetle!
The boulder beetle is lightly wounded.
The boulder beetle misses you.
Unknown command.
Casting: Iskenderun's Mystic Blast (dangerous; 4% risk of failure)
Confirm with . or Enter, or press ? or * to list all spells.
You erupt in a blast of force!
The mystic blast hits the boulder beetle.
The boulder beetle is lightly wounded.
The boulder beetle is knocked back by the mystic blast.
The boulder beetle slams into the rock wall!
Unknown command.
As you read the scroll of teleportation, it crumbles to dust.
You feel strangely unstable.
Casting: Iskenderun's Mystic Blast (dangerous; 4% risk of failure)
Confirm with . or Enter, or press ? or * to list all spells.
You erupt in a blast of force!
The mystic blast hits the boulder beetle!
The boulder beetle is moderately wounded.
The boulder beetle bites you!
You die...
Your body crumbles into a pile of gold.

#.................
##................
# #..°............
..###
##○.............
....######○........
#....###......###
##....B.#.....#
##...B##..:....#
#.....@##......#
#........##.#...#
#.........##.##..#.
#..........##.
#.#.# ##..$..(..##
.# .#.# #........#
.. #.......##
##......#


You could see a boulder beetle.

Vanquished Creatures
  Snorg (D:10)
  A centaur warrior (D:13)
  2 two-headed ogres
  Nergalle (D:10)
  Pikel (D:4)
  Maggie (D:9)
  2 trolls
  A polar bear (D:9)
  2 hornets
  Prince Ribbit (D:8)
  A jumping spider (shapeshifter) (D:10)
  2 shadows
  2 wyverns
  2 wraiths
  A yak (D:9)
  2 water moccasins (D:8)
  2 orc warriors (D:9)
  2 sky beasts
  4 ice beasts
  3 necrophages
  A wolf (D:9)
  2 ogres
  7 centaurs
  An elf zombie (Ossuary)
  A lemure (D:4)
  A phantom (D:4)
  5 kobold brigands
  Blork the orc (D:6)
  5 bullfrogs
  2 water moccasin zombies (D:5)
  2 scorpions (D:5)
  4 elf skeletons (D:8)
  4 wights (D:8)
  2 howler monkeys
  2 centaur zombies
  2 jellies
  A bullfrog zombie (D:5)
  A hound (D:4)
  3 orc priests
  A gnoll shaman (D:8)
  A bullfrog skeleton (D:6)
  5 iguanas (D:5)
  A scorpion zombie (D:5)
  5 orc wizards
  2 killer bee zombies (D:7)
  A hound skeleton (D:6)
  2 howler monkey zombies
  3 mummies (Ossuary)
  8 gnolls
  8 adders
  3 shadow imps (D:4)
  4 white imps
  A howler monkey simulacrum (D:9)
  4 ufetubi
  An adder skeleton (D:4)
  A worm (D:3)
  A dart slug (D:2)
  26 orcs
  3 endoplasms
  3 giant cockroaches
  9 goblins
  4 hobgoblins
  2 jackals (D:5)
  3 quokkas
  5 ball pythons
  7 bats
  5 frilled lizards
  3 goblin zombies (Ossuary)
  3 hobgoblin zombies (Ossuary)
  29 kobolds
  4 kobold zombies (Ossuary)
  3 orc zombies
  7 rats
249 creatures vanquished.

Vanquished Creatures (collateral kills)
  A two-headed ogre (D:5)
  A troll (D:12)
  An acid dragon (D:12)
  An ice beast (D:5)
  A gnoll shaman (D:5)
5 creatures vanquished.

Vanquished Creatures (others)
  A kobold (D:10)
  6 fulminant prisms
  2 plants (D:4)
9 creatures vanquished.

Grand Total: 263 creatures vanquished

Notes
Turn   | Place    | Note
-------+----------+-------------------------------------------
     0 | D:1      | Zeld the Gargoyle Conjurer began the quest for the Orb.
     0 | D:1      | Reached XP level 1. HP: 10/10 MP: 3/3
   179 | D:1      | Reached XP level 2. HP: 15/15 MP: 3/5
   340 | D:1      | Learned a level 2 spell: Searing Ray
   362 | D:1      | Found a faded altar of an unknown god.
   580 | D:1      | Reached skill level 1 in Translocations
   614 | D:1      | Found Ischol's Magic Scroll Shoppe.
   623 | D:1      | Bought a scroll of identify for 26 gold pieces
  1629 | D:2      | Reached skill level 1 in Hexes
  1629 | D:2      | Reached XP level 3. HP: 15/19 MP: 0/6
  1632 | D:2      | Learned a level 2 spell: Blink
  2025 | D:2      | Reached XP level 4. HP: 24/24 MP: 1/7
  2414 | D:2      | Learned a level 2 spell: Passwall
  2855 | D:3      | Found a glowing golden altar of the Shining One.
  2884 | D:3      | Identified the +7 dagger "Ceabbummo" {freeze, Will+ Stlth+}
  2948 | D:1      | Bought a scroll of identify for 26 gold pieces
  2948 | D:1      | Bought a scroll of identify for 26 gold pieces
  2948 | D:1      | Bought a scroll of fear for 45 gold pieces
  3018 | D:3      | Reached skill level 3 in Spellcasting
  3018 | D:3      | Reached XP level 5. HP: 6/28 MP: 9/9
  3404 | D:3      | Found a glowing silver altar of Zin.
  3731 | D:4      | Found a transporter.
  3807 | D:4      | Found a transporter.
  3823 | D:4      | Noticed a lemure
  3826 | D:4      | Noticed Pikel
  3826 | D:4      | Noticed a lemure
  3826 | D:4      | Noticed a lemure
  3827 | D:4      | Noticed a lemure
  3835 | D:4      | Killed a lemure
  3855 | D:4      | Killed Pikel
  3856 | D:4      | Reached skill level 5 in Spellcasting
  3856 | D:4      | Reached XP level 6. HP: 14/32 MP: 3/14
  3856 | D:4      | Reached XP level 7. HP: 16/36 MP: 3/15
  5111 | D:4      | Learned a level 4 spell: Iskenderun's Mystic Blast
  5116 | D:4      | Learned a level 4 spell: Fulminant Prism
  5239 | D:4      | Reached skill level 6 in Spellcasting
  5431 | D:5      | Entered Level 5 of the Dungeon
  5444 | D:5      | Reached XP level 8. HP: 40/41 MP: 17/17
  6192 | D:5      | Noticed a two-headed ogre
  6192 | D:5      | Noticed a hornet
  6223 | D:5      | Killed a two-headed ogre
  6224 | D:5      | Reached skill level 8 in Spellcasting
  6224 | D:5      | Reached XP level 9. HP: 11/45 MP: 4/21
  6288 | D:5      | Killed a hornet
  6727 | D:5      | Identified the +2 short sword "Gauxuuz" {freeze, Contam Fly
                  | Str+4}
  6803 | D:5      | Reached skill level 9 in Spellcasting
  7273 | D:6      | Learned a level 5 spell: Manifold Assault
  7531 | D:6      | Learned a level 3 spell: Mephitic Cloud
  7535 | D:6      | Learned a level 3 spell: Ignite Poison
  7577 | D:6      | Noticed Blork the orc
  7584 | D:6      | Killed Blork the orc
  7861 | D:6      | Reached skill level 10 in Spellcasting
  7862 | D:6      | Found a burning altar of Makhleb.
  8721 | D:7      | Found a staircase to the Ecumenical Temple.
  8728 | D:7      | Reached XP level 10. HP: 50/50 MP: 10/24
  8736 | Temple   | Entered the Ecumenical Temple
  8896 | Temple   | Became a worshipper of Gozag Ym Sagoz the Greedy
  9261 | D:1      | Bought a scroll of magic mapping for 45 gold pieces
  9793 | D:7      | Identified the +8 war axe "Ameury" {vorpal, rF+ Int+3 Dex+2
                  | Stlth+}
 10059 | D:7      | Reached skill level 11 in Spellcasting
 10236 | D:7      | Found a shadowy altar of Dithmenos.
 10558 | D:8      | Reached skill level 1 in Earth Magic
 10598 | D:8      | Found a sand-covered staircase.
 10611 | Ossuary  | Entered an ossuary
 10708 | Ossuary  | Reached skill level 1 in Fire Magic
 10763 | Ossuary  | Reached skill level 1 in Poison Magic
 11446 | D:8      | Found a hazy altar of Hepliaklqana.
 11529 | D:8      | Reached skill level 1 in Transmutations
 11537 | D:8      | Reached skill level 1 in Air Magic
 11891 | D:1      | Bought a scroll of holy word for 97 gold pieces
 11891 | D:1      | Bought a scroll of enchant armour for 97 gold pieces
 12639 | D:8      | Noticed Prince Ribbit
 12646 | D:8      | Killed Prince Ribbit
 13869 | D:9      | Reached skill level 12 in Spellcasting
 13991 | D:9      | Noticed a two-headed ogre
 13996 | D:9      | Killed a two-headed ogre
 13997 | D:9      | Reached skill level 1 in Fighting
 13997 | D:9      | Reached XP level 11. HP: 45/56 MP: 18/27
 14191 | D:9      | Noticed Maggie
 14199 | D:9      | Killed Maggie
 14200 | D:9      | Reached skill level 1 in Crossbows
 14200 | D:9      | Reached skill level 1 in Armour
 14200 | D:9      | Reached skill level 1 in Evocations
 14922 | D:10     | Entered Level 10 of the Dungeon
 15007 | D:10     | Noticed Nergalle
 15021 | D:10     | Killed Nergalle
 15744 | D:10     | Noticed a lindwurm
 15751 | D:10     | Noticed a lindwurm
 15755 | D:10     | Noticed a lindwurm
 16046 | D:10     | Noticed Snorg
 16061 | D:10     | Killed Snorg
 16462 | D:10     | Noticed a lindwurm
 16581 | D:11     | Noticed Josephine
 16581 | D:11     | You fall into a shaft and drop 2 floors!
 16591 | D:13     | Noticed Nessos
 16593 | D:13     | Noticed an orc knight
 16594 | D:13     | Found a gate to the Vaults.
 16594 | D:13     | Noticed a two-headed ogre
 16595 | D:13     | Noticed a six-headed hydra
 16597 | D:13     | Noticed a centaur warrior
 16614 | D:13     | Noticed a centaur warrior
 16621 | D:13     | Killed a centaur warrior
 16870 | D:13     | Reached skill level 5 in Fighting
 17405 | D:12     | Noticed Fannar
 17427 | D:11     | Noticed a two-headed ogre
 17440 | D:11     | Killed a two-headed ogre
 17441 | D:11     | Reached skill level 5 in Armour
 17592 | D:11     | Found a staircase to the Orcish Mines.
 17619 | D:11     | Noticed a boulder beetle
 17621 | D:11     | Noticed a boulder beetle
 17876 | D:11     | Slain by a boulder beetle

Illustrated notes

Levels and vault maps discovered:
D:1:      amcnicky_arrival_choice, layout_loops_ring, serial_shops,
          nicolae_lakefront_shop, ebering_ecumenical_altar_sacrificial,
          minmay_door_square
D:2:      layout_loops_ring, minmay_quantized
D:3:      layout_rooms, tso_metal_star, general_overflow_altar, st_stairs_6
D:4:      gammafunk_wand_slinger, layout_layer_cave, uniq_pikel
D:5:      minmay_bubble_buster, layout_loops_ring, minmay_crystal_water,
          hangedman_abyss_or_decor_passed, dk_vineyard_3,
          kennysheep_generic_room_12
D:6:      layout_loops_cross, makhleb_blood_cavern_becter,
          roderic_serpentine_path, hangedman_decor_push, uniq_blork_the_orc
D:7:      layout_basic, mainiacjoe_overflow_alcove_2, minmay_temple_entry_mist
D:8:      layout_loops_corners, mainiacjoe_overflow_cross_hatched,
          nicolae_ossuary_entry_catacombs, grunt_ogre_cave, uniq_prince_ribbit1
D:9:      layout_stronghold, serial_ice, serial_ice_o, serial_ice_b,
          serial_ice_l, serial_ice_n, serial_ice_d, uniq_maggie
D:10:     layout_irregular_city, minmay_lindwurm_lava, uniq_snorg, uniq_nergalle
D:11:     layout_cave_pods, lair_entry_dummy, orc_0_dummy, serial_shops,
          nicolae_inconvenience_store, uniq_josephine
D:12:     layout_basic, uniq_fannar, uniq_urug, uniq_psyche
D:13:     layout_irregular_city, david_vaults_3, portal_ice_cave_rime,
          gammafunk_ghost_mausoleum, hangedman_aviary
Temple:   minmay_crystal_spiral_temple

Skill      XL: |  1  2  3  4  5  6  7  8  9 10 11 |
---------------+----------------------------------+-----
Translocations | 1 2 |  2.0
Hexes          | 1 2 |  2.0
Spellcasting   | 3 5 6 8 10 12 | 12.0
Conjurations   | 6 8 |  8.0
Stealth        | 4 |  4.0
Earth Magic    | 2 |  2.0
Fire Magic     | 2 |  2.0
Poison Magic   | 2 |  2.0
Dodging        | 4 |  4.0
Transmutations | 2 |  2.0
Air Magic      | 2 |  2.0
Fighting       | 1 5 |  5.5
Crossbows      | 3 |  3.2
Armour         | 5 |  5.2
Evocations     | 3 |  3.0

Action                   |  1- 3 |  4- 6 |  7- 9 | 10-12 || total
-------------------------+-------+-------+-------+-------++-------
Melee: Unarmed           |    28 |    13 |       |       ||    41
       Dagger            |       |     3 |    95 |     2 ||   100
       Punch             |       |       |     1 |     3 ||     4
       War axe           |       |       |       |   183 ||   183
 Fire: Hand crossbow     |       |       |     2 |       ||     2
 Cast: Magic Dart        |    17 |     4 |       |       ||    21
       Searing Ray       |    18 |    24 |    40 |     6 ||    88
       Fulminant Prism   |       |       |     3 |     3 ||     6
       Iskenderun's Myst |       |       |    11 |   143 ||   154
       Mephitic Cloud    |       |       |     4 |    12 ||    16
       Ignite Poison     |       |       |     3 |    11 ||    14
Invok: Call Merchant     |       |       |       |     1 ||     1
Evoke: Wand              |       |       |       |     9 ||     9
  Use: Scroll            |       |     2 |     9 |    16 ||    27
       Potion            |       |       |       |     4 ||     4
 Stab: Sleeping          |     2 |     2 |     1 |    10 ||    15
Armor: Robe              |    21 |    25 |    64 |   209 ||   319
Dodge: Dodged            |    42 |    23 |    53 |   185 ||   303
Block: Other             |       |       |     9 |    72 ||    81
       Reflection        |       |       |       |    15 ||    15
